 Dungeon Crawl Stone Soup version 0.30-a0-23-ge60ba3568b (webtiles) character file.

Game seed: 16153593456945719413

56 Shayle the Vexing (level 3, -2/26 HPs)
             Began as a Vampire Enchanter on Aug 26, 2022.
             Succumbed to Ijyb's poison
             ... on level 3 of the Dungeon.
             The game lasted 00:04:42 (1297 turns).

Shayle the Vexing (Vampire Enchanter)               Turns: 1297, Time: 00:04:43

Health: -2/26      AC:  5    Str:  4 (7)  XL:     3   Next: 69%
Magic:  4/6        EV: 16    Int: 16 (19) God:
Gold:   155        SH:  0    Dex: 12 (14) Spells: 4/6 levels left

rFire   . . .      SeeInvis +    a - +1 dagger
rCold   . . .      Faith    .    g - orb {guile}
rNeg    . . .      Spirit   .    b - +0 robe
rPois   .          Reflect  .    (no helmet)
rElec   .          Harm     .    (no cloak)
rCorr   .          Rampage  .    k - +1 pair of gloves
Will    .....                    m - +0 pair of boots
Stlth   +++.......               h - amulet of the acrobat
HPRegen 0.28/turn                e - +4 ring of evasion
MPRegen 0.10/turn                (no ring)

@: lethally poisoned (-2 -> -28), healing quickly, invisible
A: alive, fangs 3, see invisible, vampiric 2
a: Exsanguinate


You were on level 3 of the Dungeon.
You visited 1 branch of the dungeon, and saw 3 of its levels.

You collected 155 gold pieces.

Inventory:

Hand Weapons
 a - a +1 dagger (weapon)
Armour
 b - a +0 robe (worn)
 g - an orb of guile (worn)
 k - a +1 pair of gloves (worn)
 m - a +0 pair of boots (worn)
Jewellery
 e - a +4 ring of evasion (left hand)
 f - an amulet of faith
 h - an amulet of the acrobat (around neck)
Scrolls
 d - a scroll of teleportation {unknown}
Potions
 c - a potion of invisibility
 j - a potion of lignification {unknown}
 l - a potion of ambrosia {unknown}


   Skills:
 + Level 1.1 Fighting
 - Level 1.1 Short Blades
 + Level 0.9 Axes
 + Level 2.7 Dodging
 + Level 4.8 Stealth
 + Level 2.3 Spellcasting
 + Level 4.9 Hexes


You had 4 spell levels left.
You knew the following spells:

 Your Spells              Type           Power      Damage    Failure   Level
a - Ensorcelled Hibernat  Hex/Ice        18%        N/A       11%         2

Your spell library contained the following spells:

 Spells                   Type           Power      Damage    Failure   Level
 Confusing Touch          Hex            17%        N/A       8%          3
 Tukima's Dance           Hex            17%        N/A       8%          3
 Dazzling Flash           Conj/Hex       18%        N/A       22%         3


Dungeon Overview and Level Annotations

Branches:
Dungeon (3/15)

Altars:

Annotations:
D:3 Ijyb


Innate Abilities, Weirdness & Mutations

Your natural rate of healing is accelerated.
You have razor-sharp teeth.
You have supernaturally acute eyesight. (SInv)
You are afflicted with vampirism and can become a bat while bloodless.


Message History

There is a stone staircase leading up here.
Ijyb is nearby!
Ijyb completely misses you.
You closely miss Ijyb.
Casting: Ensorcelled Hibernation (safe; 9% risk of failure)
Confirm with . or Enter, or press ? or * to list all spells.
Aiming: Ensorcelled Hibernation (safe; 9% risk of failure)
Press: ? - help, Shift-Dir - straight line, f - Ijyb
Aim: Ijyb, wielding a +3 dagger of venom, wearing a +0 leather armour and carrying a wand of digging (4) (chance to affect: 62%) Ijyb looks drowsy...
The helpless Ijyb fails to defend herself.
You puncture Ijyb!
Ijyb is heavily wounded.
Ijyb closely misses you.
You hit Ijyb but do no damage.
Ijyb is heavily wounded.
Ijyb drinks a potion.
Ijyb is healed!
You hit Ijyb but do no damage.
Ijyb is lightly wounded.
Ijyb hits you with a +3 dagger of venom.
You are poisoned.
You hit Ijyb but do no damage.
Ijyb is lightly wounded.
You feel very sick.
Ijyb hits you with a +3 dagger of venom.
You are lethally poisoned!
You hit Ijyb but do no damage.
Ijyb is lightly wounded.
You feel very sick. Ijyb closely misses you.
You fade into invisibility!
* * * LOW HITPOINT WARNING * * *
You feel very sick.
Ijyb hits you with a +3 dagger of venom.
* * * LOW HITPOINT WARNING * * *
You are more poisoned.
It was a potion of degeneration.
There was something very wrong with that liquid.
You feel weakened.
You feel dopey.
You feel clumsy.
You die... ########## ......g@<# ##########

You could see Ijyb (unable to see you).

Vanquished Creatures
  An adder (D:2)
  A worm (D:2)
  A dart slug (D:2)
  4 ball pythons
  5 endoplasms
  A giant cockroach (D:2)
  A goblin (D:1)
  5 hobgoblins
  6 jackals (D:2)
  A quokka (D:2)
  4 bats
  A frilled lizard (D:1)
  3 kobolds (D:2)
  2 rats
36 creatures vanquished.

Notes
Turn   | Place    | Note
-------+----------+-------------------------------------------
     0 | D:1      | Shayle the Vampire Enchanter began the quest for the Orb.
     0 | D:1      | Reached XP level 1. HP: 13/13 MP: 3/3
    26 | D:1      | Found a faded altar of an unknown god.
   179 | D:1      | Reached XP level 2. HP: 20/20 MP: 5/5
   204 | D:1      | Learned a level 2 spell: Ensorcelled Hibernation
   606 | D:2      | Gained mutation: You are afflicted with vampirism and can
                  | become a bat while bloodless. [Vampire growth]
   606 | D:2      | Reached XP level 3. HP: 25/25 MP: 3/6
   741 | D:2      | Reached skill level 1 in Fighting
  1287 | D:3      | Noticed Ijyb
  1297 | D:3      | Succumbed to Ijyb's poison

Illustrated notes

Levels and vault maps discovered:
D:1:      roderic_crop_circles_arrival_small, layout_rooms,
          basic_ecumenical_altar
D:2:      layout_loops_cross
D:3:      layout_basic, uniq_ijyb

Skill      XL: |  1  2  3 |
---------------+----------+-----
Fighting       | 1 |  1.1
Short Blades   | |  1.1
Axes           | |  0.9
Dodging        | |  2.7
Stealth        | |  4.8
Spellcasting   | |  2.3
Hexes          | |  4.9

Action                   || total
-------------------------++-------
Melee: Dagger            ||   108
       Bite              ||     8
 Cast: Ensorcelled Hiber ||     7
  Use: Potion            ||     2
 Stab: Sleeping          ||    14
Armor: Robe              ||    10
Dodge: Dodged            ||    67

Table legend: (Time is in decaauts)
 A = Elapsed time spent in this place.
 B = Non-inter-level travel time spent in this place.
 C = Inter-level travel time spent in this place.
 D = Time resting spent in this place.
 E = Time spent auto-exploring this place.
 F = Levels seen in this place.
 G = Mean time per level.
                   A        B        C        D        E       F      G
               +--------+--------+--------+--------+--------+-----+--------+
         Total |   1289 |   1231 |     58 |     25 |    784 |   3 |  429.7 |
       Dungeon |   1289 |   1231 |     58 |     25 |    784 |   3 |  429.7 |
               +--------+--------+--------+--------+--------+-----+--------+

Top non-repeatable levels by time:
     D:2: 899 daAuts
     D:1: 381 daAuts
     D:3: 9 daAuts
